TOP OF THE 1ST |
San Francisco Giants batting - Pitching for San Diego Padres : LHP Larry Tuckfard
|
Pitching: LHP Larry Tuckfard
|
|
Batting: RHB Ruben Garza
|
0-0: Ball 1-0: SINGLE (Flyball, 56D, EV 83.8 MPH)
|
Batting: LHB Carey Horncole
|
0-0: Ball 1-0: Ball 2-0: Swinging Strike 2-1: Called Strike 2-2: SINGLE (Groundball, 56D, EV 104.4 MPH) Ruben Garza to second
|
Batting: LHB Jack Henningar
|
0-0: Ball 1-0: Ball 2-0: Ball 3-0: Base on Balls Ruben Garza to third Carey Horncole to second
|
Batting: RHB Lucan Esini
|
0-0: Called Strike 0-1: Ball 1-1: Fly out, F9 (Flyball, 9S, EV 88.1 MPH)
|
Batting: SHB Bill Dooms
|
0-0: Ball 1-0: Ball 2-0: Grounds into double play, U4-3 (Groundball, 6MD, EV 83.1 MPH)
|
Top of the 1st over - 0 runs, 2 hits, 0 errors, 2 left on base; San Francisco 0 - San Diego 0 |
BOTTOM OF THE 1ST |
San Diego Padres batting - Pitching for San Francisco Giants : RHP Curt Howland
|
Pitching: RHP Curt Howland
|
|
Batting: RHB Hildo Pot
|
0-0: Ball 1-0: Called Strike 1-1: Ball 2-1: Ball 3-1: Base on Balls
|
Pitching: RHP Alex Montes
|
|
Batting: SHB Phil Zacharia
|
0-0: Foul Ball, location: 2F 0-1: Hit by Pitch Hildo Pot to second
|
Batting: RHB C.J. Beavers
|
0-0: Fielders Choice at 2nd, 5-4 (Groundball, 56S, EV 82.5 MPH) Hildo Pot to third
|
Batting: SHB Terry Tuckfard
|
0-0: Fielders Choice at 2nd, 6-4 (Groundball, 6M, EV 83.8 MPH) Hildo Pot scores
|
Batting: LHB James McCauley
|
0-0: Ball 1-0: Ground out 4-3 (Groundball, 4S, EV 88.8 MPH)
|
Bottom of the 1st over - 1 run, 0 hits, 0 errors, 1 left on base; San Francisco 0 - San Diego 1 |
TOP OF THE 2ND |
San Francisco Giants batting - Pitching for San Diego Padres : LHP Larry Tuckfard
|
Batting: SHB Ryan Doss
|
0-0: Foul Ball, location: 2F 0-1: Ball 1-1: Foul Ball, location: 2F 1-2: Ball 2-2: Strikes out swinging
|
Batting: RHB Nate Hodson
|
0-0: Foul Ball, location: 2F 0-1: Ball 1-1: Ball 2-1: Ball 3-1: Fly out, F8 (Flyball, 8RM, EV 94.4 MPH)
|
Batting: LHB Luis Magdaleno
|
0-0: Ball 1-0: Ball 2-0: Ball 3-0: Called Strike 3-1: Called Strike 3-2: Base on Balls
|
Batting: LHB Mason Duffy
|
0-0: Foul Ball, location: 2F 0-1: Called Strike 0-2: Strikes out looking
|
Top of the 2nd over - 0 runs, 0 hits, 0 errors, 1 left on base; San Francisco 0 - San Diego 1 |
BOTTOM OF THE 2ND |
San Diego Padres batting - Pitching for San Francisco Giants : RHP Alex Montes
|
Batting: RHB Luis Torres
|
0-0: Ball 1-0: Foul Ball, location: 2F 1-1: Swinging Strike 1-2: Foul Ball, location: 2F 1-2: Foul Ball, location: 2F 1-2: Strikes out swinging
|
Batting: LHB Mike Holt
|
0-0: Ball 1-0: Ball 2-0: SINGLE (Groundball, 34S, EV 71.9 MPH) (infield hit)
|
Batting: RHB Hugo Bautista
|
0-0: Called Strike 0-1: DOUBLE (Line Drive, 89D, EV 100.6 MPH) Mike Holt to third
|
Batting: LHB Chad Cutler
|
0-0: Swinging Strike 0-1: Ball 1-1: Foul Ball, location: 2F 1-2: Foul Ball, location: 2F 1-2: Strikes out looking
|
Batting: RHB Hildo Pot
|
0-0: Called Strike 0-1: SINGLE (Line Drive, 6MD, EV 103.1 MPH) Mike Holt scores Hugo Bautista to third
|
Batting: SHB Phil Zacharia
|
0-0: Ball 1-0: Ball 2-0: Called Strike 2-1: Foul Ball, location: 2F 2-2: Foul Ball, location: 2F 2-2: Foul Ball, location: 2F 2-2: Ball 3-2: Fly out, F8 (Flyball, 8RM, EV 86.2 MPH)
|
Bottom of the 2nd over - 1 run, 3 hits, 0 errors, 2 left on base; San Francisco 0 - San Diego 2 |
TOP OF THE 3RD |
San Francisco Giants batting - Pitching for San Diego Padres : LHP Larry Tuckfard
|
Batting: RHB Ruben Garza
|
0-0: Ball 1-0: Foul Ball, location: 2F 1-1: Fly out, F9 (Flyball, 9D, EV 98.8 MPH)
|
Batting: LHB Carey Horncole
|
0-0: Ball 1-0: Called Strike 1-1: Foul Ball, location: 2F 1-2: Ground out 6-3 (Groundball, 4M, EV 94.4 MPH)
|
Batting: LHB Jack Henningar
|
0-0: Called Strike 0-1: Swinging Strike 0-2: Fly out, F5 (Popup, 5SF, EV 80.0 MPH)
|
Top of the 3rd over - 0 runs, 0 hits, 0 errors, 0 left on base; San Francisco 0 - San Diego 2 |
BOTTOM OF THE 3RD |
San Diego Padres batting - Pitching for San Francisco Giants : RHP Alex Montes
|
Batting: RHB C.J. Beavers
|
0-0: Fly out, F4 (Popup, 23, EV 86.2 MPH)
|
Batting: SHB Terry Tuckfard
|
0-0: Ball 1-0: Swinging Strike 1-1: Called Strike 1-2: Strikes out looking
|
Batting: LHB James McCauley
|
0-0: Ball 1-0: Foul Ball, location: 2F 1-1: Foul Ball, location: 2F 1-2: Strikes out swinging
|
Bottom of the 3rd over - 0 runs, 0 hits, 0 errors, 0 left on base; San Francisco 0 - San Diego 2 |
TOP OF THE 4TH |
San Francisco Giants batting - Pitching for San Diego Padres : LHP Larry Tuckfard
|
Batting: RHB Lucan Esini
|
0-0: Called Strike 0-1: Ball 1-1: Ball 2-1: Ground out 6-3 (Groundball, 6D, EV 95.6 MPH)
|
Batting: SHB Bill Dooms
|
0-0: Ball 1-0: Swinging Strike 1-1: Swinging Strike 1-2: TRIPLE (Flyball, 9LD, EV 91.9 MPH)
|
Batting: SHB Ryan Doss
|
0-0: SINGLE (Flyball, 5D, EV 95.0 MPH) Bill Dooms scores
|
Batting: RHB Nate Hodson
|
0-0: Ball 1-0: Ball 2-0: Ball 3-0: Called Strike 3-1: Base on Balls Ryan Doss to second
|
Batting: LHB Luis Magdaleno
|
0-0: Foul Ball, location: 2F 0-1: Foul Ball, location: 2F 0-2: Strikes out looking
|
Batting: LHB Mason Duffy
|
0-0: Foul Ball, location: 2F 0-1: Swinging Strike 0-2: Ball 1-2: Foul Ball, location: 2F 1-2: Ball 2-2: Ball 3-2: Ground out 1-3 (Groundball, 34S, EV 68.1 MPH)
|
Top of the 4th over - 1 run, 2 hits, 0 errors, 2 left on base; San Francisco 1 - San Diego 2 |
BOTTOM OF THE 4TH |
San Diego Padres batting - Pitching for San Francisco Giants : RHP Alex Montes
|
Batting: RHB Luis Torres
|
0-0: Foul Ball, location: 2F 0-1: Foul Ball, location: 2F 0-2: Ground out 4-3 (Groundball, 4, EV 83.8 MPH)
|
Batting: LHB Mike Holt
|
0-0: Swinging Strike 0-1: Foul Ball, location: 2F 0-2: Strikes out swinging
|
Batting: RHB Hugo Bautista
|
0-0: Ball 1-0: Ball 2-0: Foul Ball, location: 2F 2-1: Ball 3-1: Ground out 5-3 (Groundball, 56, EV 109.4 MPH)
|
Bottom of the 4th over - 0 runs, 0 hits, 0 errors, 0 left on base; San Francisco 1 - San Diego 2 |
TOP OF THE 5TH |
San Francisco Giants batting - Pitching for San Diego Padres : LHP Larry Tuckfard
|
Batting: RHB Ruben Garza
|
0-0: Called Strike 0-1: Foul Ball, location: 2F 0-2: Ball 1-2: Ball 2-2: Ball 3-2: Base on Balls
|
Batting: LHB Carey Horncole
|
0-0: Called Strike 0-1: Ball 1-1: Ball 2-1: SINGLE (Groundball, 4D, EV 99.4 MPH) Ruben Garza to second Runner from 2nd tries for 3rd, SAFE, throw by CF made to third
|
Batting: LHB Jack Henningar
|
0-0: Ball 1-0: Foul Ball, location: 2F 1-1: SINGLE (Groundball, 25, EV 70.0 MPH) (infield hit) Carey Horncole to second
|
Batting: RHB Lucan Esini
|
0-0: Called Strike 0-1: Hit by Pitch Ruben Garza scores Carey Horncole to third Jack Henningar to second
|
Batting: SHB Bill Dooms
|
0-0: Called Strike 0-1: Ball 1-1: Ball 2-1: Called Strike 2-2: SINGLE (Groundball, 56D, EV 100.0 MPH) Carey Horncole scores Jack Henningar to third Lucan Esini to second
|
Batting: SHB Ryan Doss
|
0-0: Foul Ball, location: 2F 0-1: Fly out, F9 (Flyball, 89S, EV 80.0 MPH)
|
Batting: RHB Nate Hodson
|
0-0: Called Strike 0-1: Ball 1-1: Foul Ball, location: 2F 1-2: Ball 2-2: Fly out, F8 (Flyball, 8LD, EV 95.6 MPH) Runner from 3rd tags up, SCORES, throw by CF Lucan Esini to third
|
Batting: LHB Luis Magdaleno
|
0-0: Fly out, F8 (Flyball, 8RM, EV 81.2 MPH)
|
Top of the 5th over - 3 runs, 3 hits, 0 errors, 2 left on base; San Francisco 4 - San Diego 2 |
BOTTOM OF THE 5TH |
San Diego Padres batting - Pitching for San Francisco Giants : RHP Alex Montes
|
Batting: LHB Chad Cutler
|
0-0: SOLO HOME RUN (Flyball, 7D, EV 98.1 MPH), Distance : 378 ft
|
Batting: RHB Hildo Pot
|
0-0: Ball 1-0: Ground out 6-3 (Groundball, 6, EV 86.9 MPH)
|
Batting: SHB Phil Zacharia
|
0-0: Foul Ball, location: 2F 0-1: Swinging Strike 0-2: Foul Ball, location: 2F 0-2: Ball 1-2: Foul Ball, location: 2F 1-2: SINGLE (Groundball, 34, EV 102.5 MPH)
|
Pitching: LHP Chris Moris
|
|
Batting: RHB C.J. Beavers
|
0-0: Ball Wild Pitch! Phil Zacharia to second 1-0: Ball 2-0: Ball 3-0: Called Strike 3-1: Foul Ball, location: 2F 3-2: SINGLE (Line Drive, 78M, EV 110.0 MPH) Phil Zacharia to third Runner from 3rd tries for Home, SAFE, throw by CF to home
|
Batting: SHB Terry Tuckfard
|
0-0: Ball 1-0: SINGLE (Groundball, 6MS, EV 63.8 MPH) (infield hit) C.J. Beavers to second
|
Batting: LHB James McCauley
|
0-0: Ball 1-0: Swinging Strike 1-1: Fly out, F8 (Flyball, 78M, EV 96.2 MPH)
|
Batting: RHB Luis Torres
|
0-0: Ball 1-0: Swinging Strike 1-1: Called Strike 1-2: Ball 2-2: Strikes out swinging
|
Bottom of the 5th over - 2 runs, 4 hits, 0 errors, 2 left on base; San Francisco 4 - San Diego 4 |
TOP OF THE 6TH |
San Francisco Giants batting - Pitching for San Diego Padres : LHP Larry Tuckfard
|
Batting: LHB Mason Duffy
|
0-0: Ball 1-0: Ball 2-0: Reached on error, E6 (Groundball, 6M, EV 103.8 MPH)
|
Pitching: RHP Mike Swenson
|
|
Batting: RHB Ruben Garza
|
0-0: Swinging Strike 0-1: Foul Ball, location: 2F 0-2: Strikes out looking
|
Batting: LHB Carey Horncole
|
0-0: Called Strike 0-1: Ball 1-1: Swinging Strike 1-2: Ball 2-2: Ball 3-2: Foul Ball, location: 2F 3-2: Strikes out swinging
|
Batting: LHB Jack Henningar
|
0-0: Ball 1-0: Ball 2-0: Ball 3-0: Base on Balls
|
Batting: RHB Lucan Esini
|
0-0: Ball 1-0: Ball 2-0: Ground out 5-3 (Groundball, 56S, EV 71.2 MPH)
|
Top of the 6th over - 0 runs, 0 hits, 1 error, 2 left on base; San Francisco 4 - San Diego 4 |
BOTTOM OF THE 6TH |
San Diego Padres batting - Pitching for San Francisco Giants : LHP Chris Moris
|
Batting: LHB Mike Holt
|
0-0: Swinging Strike 0-1: Called Strike 0-2: DOUBLE (Line Drive, 9LS, EV 101.2 MPH)
|
Batting: RHB Hugo Bautista
|
0-0: Fly out, F8 (Flyball, 8LD, EV 106.9 MPH)
|
Batting: LHB Chad Cutler
|
0-0: Called Strike 0-1: Ball 1-1: Ball 2-1: Foul Ball, location: 2F 2-2: Ball 3-2: Foul Ball, location: 2F 3-2: Foul Ball, location: 2F 3-2: Ground out 5-3 (Groundball, 5, EV 81.2 MPH)
|
Batting: RHB Hildo Pot
|
0-0: Ground out 4-3 (Groundball, 4, EV 105.6 MPH)
|
Bottom of the 6th over - 0 runs, 1 hit, 0 errors, 1 left on base; San Francisco 4 - San Diego 4 |
TOP OF THE 7TH |
San Francisco Giants batting - Pitching for San Diego Padres : RHP Mike Swenson
|
Batting: SHB Bill Dooms
|
0-0: Ball 1-0: Called Strike 1-1: Swinging Strike 1-2: Strikes out swinging, 2-3 out at first.
|
Batting: SHB Ryan Doss
|
0-0: Called Strike 0-1: Foul Ball, location: 2F 0-2: Ground out 4-3 (Groundball, 4, EV 83.8 MPH)
|
Batting: RHB Nate Hodson
|
0-0: Ball 1-0: Swinging Strike 1-1: Ball 2-1: Ball 3-1: Foul Ball, location: 2F 3-2: Foul Ball, location: 2F 3-2: Base on Balls
|
Batting: LHB Luis Magdaleno
|
0-0: Called Strike Nate Hodson steals 2nd base 0-1: Ball 1-1: Ball 2-1: Swinging Strike 2-2: Ground out 4-3 (Groundball, 4, EV 86.9 MPH)
|
Top of the 7th over - 0 runs, 0 hits, 0 errors, 1 left on base; San Francisco 4 - San Diego 4 |
BOTTOM OF THE 7TH |
San Diego Padres batting - Pitching for San Francisco Giants : LHP Chris Moris
|
Pitching: RHP Josh Lister
|
|
Batting: SHB Phil Zacharia
|
0-0: Called Strike 0-1: Ball 1-1: Called Strike 1-2: Strikes out swinging
|
Batting: RHB C.J. Beavers
|
0-0: Called Strike 0-1: Fly out, F9 (Line Drive, 9LM, EV 95.6 MPH)
|
Batting: SHB Terry Tuckfard
|
0-0: Foul Ball, location: 2F 0-1: Ball 1-1: Foul Ball, location: 2F 1-2: Ground out 4-3 (Groundball, 4, EV 82.5 MPH)
|
Bottom of the 7th over - 0 runs, 0 hits, 0 errors, 0 left on base; San Francisco 4 - San Diego 4 |
TOP OF THE 8TH |
San Francisco Giants batting - Pitching for San Diego Padres : RHP Mike Swenson
|
Pitching: RHP Ching Ge
|
|
Batting: LHB Mason Duffy
|
0-0: SINGLE (Line Drive, 9S, EV 93.8 MPH)
|
Batting: RHB Ruben Garza
|
0-0: SINGLE (Groundball, 56D, EV 94.4 MPH) Mason Duffy to second
|
Batting: LHB Carey Horncole
|
0-0: Swinging Strike 0-1: DOUBLE (Groundball, 5L, EV 96.2 MPH) Mason Duffy scores Ruben Garza to third
|
Batting: LHB Jack Henningar
|
0-0: Intentional Walk
|
Batting: RHB Lucan Esini
|
0-0: Ball 1-0: Grounds into double play, 6-2-3 (Groundball, 6S, EV 73.8 MPH) Carey Horncole to third Jack Henningar to second
|
Batting: SHB Bill Dooms
|
0-0: Ball 1-0: Called Strike 1-1: Foul Ball, location: 2F 1-2: Foul Ball, location: 2F 1-2: Strikes out swinging
|
Top of the 8th over - 1 run, 3 hits, 0 errors, 2 left on base; San Francisco 5 - San Diego 4 |
BOTTOM OF THE 8TH |
San Diego Padres batting - Pitching for San Francisco Giants : RHP Josh Lister
|
Batting: LHB James McCauley
|
0-0: Ball 1-0: Foul Ball, location: 2F 1-1: Swinging Strike 1-2: Foul Ball, location: 2F 1-2: Strikes out swinging
|
Batting: RHB Luis Torres
|
0-0: Called Strike 0-1: Called Strike 0-2: Foul Ball, location: 2F 0-2: Ball 1-2: DOUBLE (Line Drive, 8LXD, EV 107.5 MPH)
|
Pitching: LHP Tyler Stancil
|
|
Pinch Hitting: RHB Jared Speck
|
0-0: Called Strike 0-1: Swinging Strike 0-2: Strikes out swinging
|
Batting: RHB Hugo Bautista
|
0-0: Swinging Strike 0-1: Ball 1-1: Ball 2-1: Ball 3-1: Ground out 1-3 (Groundball, P, EV 69.4 MPH)
|
Bottom of the 8th over - 0 runs, 1 hit, 0 errors, 1 left on base; San Francisco 5 - San Diego 4 |
TOP OF THE 9TH |
San Francisco Giants batting - Pitching for San Diego Padres : RHP Ching Ge
|
Now in LF: Jared Speck
|
|
Now in CF: James McCauley
|
|
Batting: SHB Ryan Doss
|
0-0: DOUBLE (Line Drive, 9LS, EV 106.9 MPH)
|
Batting: RHB Nate Hodson
|
0-0: Called Strike 0-1: Foul Ball, location: 2F 0-2: Ball 1-2: Foul Ball, location: 2F 1-2: Strikes out swinging, 2-3 out at first.
|
Batting: LHB Luis Magdaleno
|
0-0: Foul Ball, location: 2F 0-1: Ground out 1-3 (Groundball, 13S, EV 66.2 MPH) Ryan Doss to third
|
Batting: LHB Mason Duffy
|
0-0: Foul Ball, location: 2F 0-1: Ball 1-1: Ball 2-1: Ball 3-1: Base on Balls
|
Batting: RHB Ruben Garza
|
0-0: Called Strike 0-1: Foul Ball, location: 2F 0-2: Ball 1-2: DOUBLE (Line Drive, 9LS, EV 92.5 MPH) Ryan Doss scores Mason Duffy to third Runner from 3rd tries for Home, throw by RF and OUT! 9-4-2
|
Top of the 9th over - 1 run, 2 hits, 0 errors, 1 left on base; San Francisco 6 - San Diego 4 |
BOTTOM OF THE 9TH |
San Diego Padres batting - Pitching for San Francisco Giants : LHP Tyler Stancil
|
Pitching: LHP Caleb Mullinax
|
|
Pinch Hitting: RHB Billy Crookston
|
0-0: Swinging Strike 0-1: Foul Ball, location: 2F 0-2: Ball 1-2: Ball 2-2: Foul Ball, location: 2F 2-2: Foul Ball, location: 2F 2-2: Foul Ball, location: 2F 2-2: Strikes out swinging
|
Batting: RHB Hildo Pot
|
0-0: Foul Ball, location: 2F 0-1: Fly out, F9 (Flyball, 9D, EV 96.9 MPH)
|
Batting: SHB Phil Zacharia
|
0-0: Called Strike 0-1: Foul Ball, location: 2F 0-2: Ball 1-2: Foul Ball, location: 2F 1-2: Fly out, F9 (Flyball, 9D, EV 102.5 MPH)
|
Bottom of the 9th over - 0 runs, 0 hits, 0 errors, 0 left on base; San Francisco 6 - San Diego 4 |
|